 Dungeon Crawl Stone Soup version 0.24.0-123-gd5b16e6ec5 (webtiles) character file.

Game seed: 9885736122208891856, levelgen mode: deterministic

11054 Peloso the Carver (level 11, -10/97 HPs)
             Began as a Minotaur Fighter on Jan 11, 2020.
             Was a High Priest of Okawaru.
             Killed by divine providence
             ... invoked by an orc priest
             ... summoned by an orange crystal statue
              (13 damage)
             ... on level 9 of the Dungeon.
             The game lasted 00:25:26 (9622 turns).

Peloso the Carver (Minotaur Fighter)                Turns: 9622, Time: 00:25:27

Health: -10/97     AC:  9    Str: 23    XL:     11   Next: 44%
Magic:  0/8        EV: 13    Int: -2 (5) God:    Okawaru [*****.]
Gold:   707        SH:  8    Dex: 15    Spells: 10/10 levels left

rFire    x . .     SeeInvis .   a - +4 long sword
rCold    + + .     Gourm    .   c - +1 buckler "Bocwat" {*Slow rC+ rCorr}
rNeg     . . .     Faith    .   N - +2 ring mail "Ponil" {MR+++ Regen+ rCorr Dex+4}
rPois    +         Spirit   .   (helmet restricted)
rElec    .         Reflect  .   (no cloak)
rCorr    +         Harm     .   (no gloves)
MR       +++..                  (no boots)
Stlth    +.........             r - amulet of the acrobat
HPRegen  0.66/turn              C - ring of poison resistance
MPRegen  0.11/turn              Q - ring of ice

@: slowed, lost intelligence, studying Air Magic, very slow
A: retaliatory headbutt, horns 2, low mp 1, sense surroundings 1
a: Heroism, Finesse, Renounce Religion


You were on level 9 of the Dungeon.
You worshipped Okawaru.
Okawaru was extremely pleased with you.
You were hungry.

You visited 2 branches of the dungeon, and saw 13 of its levels.

You collected 854 gold pieces.
You spent 147 gold pieces at shops.

Inventory:

Hand Weapons
 a - a +4 long sword (weapon)
 b - a +0 scimitar
Armour
 c - the +1 buckler "Bocwat" (worn) {*Slow rC+ rCorr}
   (You took it off a gnoll sergeant on level 3 of the Dungeon)

   It protects you from cold.
   It provides partial protection from all sources of acid and corrosion.
   It may slow you when you take damage.
 q - a +0 plate armour
 K - the +0 ring mail of Honour {+Fly rElec Dex+2}
   (You found it on level 7 of the Dungeon)

   It affects your dexterity (+2).
   It insulates you from electricity.
   It lets you fly.
 N - the +2 ring mail "Ponil" (worn) {MR+++ Regen+ rCorr Dex+4}
   (You took it off a gnoll sergeant on level 3 of the Dungeon)

   It affects your dexterity (+4).
   It affects your resistance to hostile enchantments.
   It increases your rate of regeneration.
   It provides partial protection from all sources of acid and corrosion.
Jewellery
 g - an uncursed amulet of guardian spirit
 h - an uncursed ring of positive energy
 m - an uncursed ring of see invisible
 r - an amulet of the acrobat (around neck)
 y - a cursed -2 ring of evasion
 A - an uncursed ring of protection from magic
 C - a ring of poison resistance (left hand)
 D - an uncursed ring of stealth
 H - an uncursed ring of protection from magic
 M - an uncursed ring of resist corrosion
 Q - a ring of ice (right hand)
Wands
 v - a wand of polymorph (25)
 O - a wand of enslavement (11)
Scrolls
 d - 4 scrolls of random uselessness
 e - 6 scrolls of remove curse
 j - 3 scrolls of noise
 u - 2 scrolls of enchant weapon
 w - 3 scrolls of teleportation
 x - a scroll of fog
 z - 2 scrolls of enchant armour
 S - a scroll of torment {unknown}
 T - 2 scrolls of acquirement {unknown}
 V - 2 scrolls of identify
Potions
 i - 2 potions of brilliance {unknown}
 k - a potion of degeneration {unknown}
 l - a potion of flight
 n - a potion of magic
 o - a potion of berserk rage {unknown}
 p - 2 potions of heal wounds {unknown}
 t - 3 potions of mutation
 B - a potion of resistance {unknown}
 E - a potion of curing
 F - 2 potions of might
 G - 2 potions of lignification {unknown}
 I - a potion of agility {unknown}
 J - 4 potions of cancellation {unknown}
 L - a potion of invisibility {unknown}
 R - a potion of ambrosia {unknown}
Books
 P - a manual of Air Magic
Comestibles
 f - 23 rations


   Skills:
 + Level 9.2 Fighting
 + Level 13.2 Long Blades
 + Level 9.5 Armour
 + Level 3.9 Dodging
 + Level 0.3 Stealth
 + Level 11.6 Shields
 + Level 0.1 Invocations


You had 10 spell levels left.
You didn't know any spells.
Your spell library contained the following spells:

 Spells                   Type           Power        Failure   Level  Hunger
 Magic Dart               Conj           #...         73%         1    ##.....
 Searing Ray              Conj           #.....       86%         2    ###....
 Dazzling Spray           Conj/Hex       #.....       97%         3    ####...
 Cause Fear               Hex            #.........   100%        4    #####..
 Force Lance              Conj/Tloc      #.......     100%        4    #####..
 Fulminant Prism          Conj/Hex       #.........   100%        4    #####..
 Iskenderun's Mystic Bla  Conj           #.......     100%        4    #####..
 Silence                  Hex/Air        #.........   100%        5    ######.
 Yara's Violent Unravell  Hex/Tmut       #.........   100%        5    ######.
 Deflect Missiles         Chrm/Air       #.........   100%        6    #######
 Discord                  Hex            #.........   100%        8    #######


Dungeon Overview and Level Annotations

Branches:
Dungeon (12/15)            Temple (1/1) D:6            Lair (0/6) D:9
    Orc (0/2) D:9

Altars:
Ashenzari
Cheibriados
Dithmenos
Fedhas
Gozag
Hepliaklqana
Kikubaaqudgha
Makhleb
Nemelex Xobeh
Okawaru
Qazlal
Ru
Trog
Vehumet
Wu Jian
Xom
Zin
The Shining One

Shops:
D:8 *   D:10 %

Annotations:
D:7 exclusion: statue
D:9 1 runed translucent door, exclusion: 3 orange crystal statues


Innate Abilities, Weirdness & Mutations

You reflexively headbutt those who attack you in melee.
You have a pair of horns on your head.
Your magical capacity is low. (-10% MP)
You passively map a small area around you.


Message History

The orange crystal statue fixes its piercing gaze on you. x2
You feel dopey. Something feeds on your intellect!
The orc warrior hits you with a cursed +0 short sword!
* * * LOW HITPOINT WARNING * * *
You feel better. You block the jackal's attack.
The orange crystal statue fixes its piercing gaze on you.
Something tries to feed on your intellect!
The orc warrior hits you but does no damage.
The orc priest looks satisfied for a moment.
Unknown command.
You slash the orc warrior! You headbutt the orc warrior.
The orc warrior is severely wounded.
The orange crystal statue glitters.
You resist with almost no effort.
The orc warrior hits you with a cursed +0 short sword!
* * * LOW HITPOINT WARNING * * *
The orc priest calls down the wrath of Beogh upon you.
Beogh smites you!
You die...

#..##...##.............
#..##...##.######.###..
#.......'.........# ###
#.###...##.######## #.#
#...##...#
#.###...##.#.###
#.##...........#
#....####'####.#
#.#..#@ooo.?8#.##
#.##.#W#ha.#.#..#
#.##.#hhh....#..#
#.##.#oY.[...#..#######
#....#.......#......#.%
#....#.#...#.#......#.#
#....#8.....8#......#
#....####+####......# *
#.......[...........#


You could see 2 orange crystal statues, a phantom, an orc warrior, a sky beast,
a worker ant, an orc priest, 2 orcs and 3 jackals.

Vanquished Creatures
  2 two-headed ogres
  An orange crystal statue (D:9)
  A wizard (D:11)
  2 manticores (D:11)
  A harpy zombie (D:11)
  A troll (D:12)
  2 hippogriffs
  A wraith (D:10)
  A shadow (D:8)
  4 yaks (D:11)
  A vampire (D:12)
  Eustachio (D:4)
  The ghost of Tartanist the Conjurer, an amateur DrCj (D:3)
  2 hungry ghosts (D:7)
  A water moccasin (D:10)
  An ice beast (D:9)
  A sky beast (D:5)
  A necrophage (D:6)
  2 phantoms
  An eye of draining (D:12)
  5 ogres
  5 centaurs
  A crocodile (D:10)
  3 big kobolds
  Blork the orc (D:5)
  9 bullfrogs
  A gnoll sergeant (D:3)
  5 scorpions
  7 killer bees
  12 wights
  11 howler monkeys
  2 vampire bats (D:8)
  7 crimson imps
  A quasit (D:11)
  4 jellies
  8 hounds
  2 bullfrog skeletons
  A centaur skeleton (D:7)
  7 orc priests
  11 orc wizards
  3 iguanas
  7 worker ants
  A hound skeleton (D:8)
  5 gnolls (D:3)
  A howler monkey skeleton (D:5)
  9 adders
  5 shadow imps
  2 adder skeletons
  8 worms
  2 dart slugs
  8 leopard geckos
  37 orcs
  3 ball pythons
  8 bats
  A bat skeleton (D:8)
  4 bat zombies (D:8)
  5 giant cockroaches
  11 hobgoblins
  14 jackals
  5 quokkas
  9 frilled lizards
  12 goblins
  22 kobolds
  A quokka skeleton (D:5)
  7 rats
321 creatures vanquished.

Vanquished Creatures (others)
  5 plants (D:3)
5 creatures vanquished.

Grand Total: 326 creatures vanquished

Notes
Turn   | Place    | Note
-------+----------+-------------------------------------------
     0 | D:1      | Peloso the Minotaur Fighter began the quest for the Orb.
     0 | D:1      | Reached XP level 1. HP: 19/19 MP: 0/0
   128 | D:1      | Reached XP level 2. HP: 27/27 MP: 1/1
   314 | D:1      | Reached XP level 3. HP: 25/33 MP: 0/2
   607 | D:1      | Gained mutation: Your magical capacity is low. (-10% MP)
                  | [potion of mutation]
   607 | D:1      | Gained mutation: You passively map a small area around you.
                  | [potion of mutation]
   704 | D:2      | Reached skill level 3 in Long Blades
   726 | D:2      | Found a sacrificial altar of Ru.
   858 | D:2      | Reached XP level 4. HP: 35/40 MP: 2/2
  1096 | D:3      | You fall into a shaft and drop 2 floors!
  1096 | D:5      | Entered Level 5 of the Dungeon
  1120 | D:5      | Reached skill level 5 in Shields
  1120 | D:5      | Reached XP level 5. HP: 39/47 MP: 3/3
  1131 | D:5      | Reached skill level 4 in Long Blades
  1160 | D:5      | Reached skill level 1 in Dodging
  1236 | D:5      | Reached XP level 6. HP: 52/53 MP: 4/4
  1282 | D:5      | Noticed a sky beast
  1291 | D:5      | Killed a sky beast
  1291 | D:5      | Reached skill level 5 in Long Blades
  1335 | D:5      | Found a blossoming altar of Fedhas.
  1351 | D:5      | Reached skill level 5 in Fighting
  1382 | D:5      | Found a glowing silver altar of Zin.
  1387 | D:5      | Found a snail-covered altar of Cheibriados.
  1769 | D:5      | Noticed Blork the orc
  1776 | D:5      | Reached skill level 5 in Armour
  1776 | D:5      | Reached XP level 7. HP: 48/61 MP: 5/5
  1783 | D:5      | Killed Blork the orc
  1787 | D:5      | Reached skill level 6 in Long Blades
  2065 | D:4      | Noticed Eustachio
  2099 | D:4      | Killed Eustachio
  2398 | D:4      | Reached XP level 8. HP: 45/69 MP: 6/6
  2403 | D:4      | Found a shadowy altar of Dithmenos.
  3138 | D:3      | Identified the +2 ring mail "Ponil" {MR+++ Regen+ rCorr
                  | Dex+4}
  3138 | D:3      | Identified the +1 buckler "Bocwat" {*Slow rC+ rCorr}
  3148 | D:3      | You fall into a shaft and drop 3 floors!
  3179 | D:6      | Found a sparkling altar of Nemelex Xobeh.
  3190 | D:6      | Reached skill level 7 in Long Blades
  3214 | D:6      | Found Opamm's Antique Weapon Shoppe.
  3291 | D:6      | Found a staircase to the Ecumenical Temple.
  3304 | Temple   | Entered the Ecumenical Temple
  3335 | Temple   | Became a worshipper of Warmaster Okawaru
  3412 | D:6      | Found a hazy altar of Hepliaklqana.
  3412 | D:6      | Found a shattered altar of Ashenzari.
  3574 | D:6      | Reached skill level 8 in Long Blades
  4066 | D:3      | Found a transporter.
  4066 | D:3      | Found a transporter.
  4077 | D:3      | Noticed Tartanist's ghost (amateur DrCj)
  4211 | D:3      | Found a faded altar of an unknown god.
  4387 | D:5      | Reached * piety under Okawaru
  4471 | D:7      | Reached XP level 9. HP: 77/78 MP: 7/7
  4521 | D:7      | Found a radiant altar of Vehumet.
  4645 | D:7      | Reached skill level 9 in Long Blades
  4677 | D:7      | Got a dazzling ring mail
  4688 | D:7      | Identified the cursed +0 ring mail of Honour {+Fly rElec
                  | Dex+2} (You found it on level 7 of the Dungeon)
  5110 | D:8      | Found Attaett's General Store.
  5134 | D:7      | Reached ** piety under Okawaru
  5158 | D:8      | Bought a scroll of random uselessness for 14 gold pieces
  5158 | D:8      | Bought a scroll of identify for 28 gold pieces
  5158 | D:8      | Bought a scroll of enchant armour for 105 gold pieces
  5225 | D:8      | Reached skill level 10 in Long Blades
  5350 | D:8      | You fall into a shaft and drop 1 floor!
  5350 | D:9      | Found a runed translucent door.
  5355 | D:9      | Found the +10 large shield of Ignorance {rN+ Int-4}
  5374 | D:9      | Found a runed translucent door.
  5380 | D:9      | Noticed an orange crystal statue
  5398 | D:9      | Noticed a two-headed ogre
  5409 | D:9      | Killed a two-headed ogre
  5409 | D:9      | Reached *** piety under Okawaru
  5427 | D:9      | Reached XP level 10. HP: 20/88 MP: 8/8
  5742 | D:9      | Reached skill level 10 in Shields
  5897 | D:9      | Reached skill level 11 in Long Blades
  5928 | D:9      | Reached **** piety under Okawaru
  6262 | D:9      | Found a staircase to the Lair.
  6318 | D:9      | Found a staircase to the Orcish Mines.
  7047 | D:8      | Found a stormy altar of Qazlal.
  7103 | D:8      | Noticed a two-headed ogre
  7111 | D:8      | Killed a two-headed ogre
  7111 | D:8      | Received a gift from Okawaru
  7233 | D:8      | Found an ancient bone altar of Kikubaaqudgha.
  7525 | D:3      | Killed Tartanist's ghost
  7525 | D:3      | Reached skill level 12 in Long Blades
  7711 | D:10     | Entered Level 10 of the Dungeon
  7806 | D:10     | Found Yroacyuf's Food Emporium.
  8435 | D:11     | Reached XP level 11. HP: 90/95 MP: 8/8
  8782 | D:11     | Reached ***** piety under Okawaru
  9107 | D:11     | Noticed a wizard
  9118 | D:11     | Killed a wizard
  9118 | D:11     | Reached skill level 13 in Long Blades
  9404 | D:12     | Noticed a red ugly thing
  9594 | D:9      | Noticed an orange crystal statue
  9594 | D:9      | Noticed an orange crystal statue
  9594 | D:9      | Noticed an orange crystal statue
  9607 | D:9      | Killed an orange crystal statue
  9615 | D:9      | Lost intelligence.
  9622 | D:9      | HP: 3/97 [orc warrior/cursed +0 short sword[an orange
                  | crystal statue] (11)]
  9622 | D:9      | Killed from afar by an orc priest

Levels and vault maps discovered:
D:1:      giann_horns, layout_basic, minmay_misc_feat_diagonals
D:2:      layout_rooms, nicolae_ru_awakened_eye
D:3:      layout_basic, chequers_ecumenical_altar_simple,
          gammafunk_ghost_gnarly_gnolls, first_ration
D:4:      layout_basic, nicolae_dithmenos_through_a_glass_darkly, uniq_eustachio
D:5:      layout_basic, zin_statuary, kennysheep_mini, cheibriados_altar_1,
          hangedman_decor_peaks_small, uniq_blork_the_orc
D:6:      layout_cave_pools, nicolae_overflow_crystal_walls,
          gammafunk_temple_overflow_elements, minmay_temple_entry_glassed_door,
          serial_shops, shop
D:7:      layout_loops_ring, vehumet_statue, grunt_ogre_cave
D:8:      layout_loops_ring, lemuel_coloured_pillars_altar,
          kennysheep_vampire_church, serial_shops, shop
D:9:      layout_basic, lair_entry_dummy, orc_0_dummy,
          chequers_guarded_unrand_ignorance
D:10:     layout_roguey, serial_shops, shop_statue
D:11:     layout_cross, nicolae_twisting_strands, lightli_wizard_tower
D:12:     layout_rooms
Temple:   jpeg_temple_clearing

Skill      XL: |  1  2  3  4  5  6  7  8  9 10 11 |
---------------+----------------------------------+-----
Fighting       | 4 5 6 7 8 9 |  9.2
Armour         | 4 5 6 8 9 |  9.5
Shields        | 4 5 6 7 8 9 11 | 11.6
Long Blades    | 3 4 5 6 8 10 12 13 | 13.2
Dodging        | 1 2 3 |  3.9
Stealth        | |  0.3
Invocations    | |  0.1

Action                   |  1- 3 |  4- 6 |  7- 9 | 10-12 || total
-------------------------+-------+-------+-------+-------++-------
Melee: Long sword        |   104 |   130 |   329 |   395 ||   958
       Headbutt          |    10 |    25 |    57 |    97 ||   189
Invok: Heroism           |       |       |       |     2 ||     2
  Use: Potion            |     3 |     1 |       |     2 ||     6
       Scroll            |     2 |       |     6 |     4 ||    12
  Eat: Chunk             |       |     3 |    14 |    13 ||    30
Armor: Scale mail        |    82 |       |       |       ||    82
       Chain mail        |     9 |    12 |       |       ||    21
       Plate armour      |       |    75 |   133 |    68 ||   276
       Ring mail         |       |       |       |    53 ||    53
Dodge: Dodged            |    55 |    37 |    84 |   187 ||   363
Block: Shield            |    93 |    90 |   182 |   116 ||   481
       Buckler           |       |       |       |    85 ||    85
       Rpst.: Long sword |    12 |     9 |    21 |    33 ||    75
